 Dungeon Crawl Stone Soup version 0.26-a0-784-g51bffae0b1 (webtiles) character file.

Game seed: 18362284128500127264

192 Kinoniko the Chopper (level 5, -5/45 HPs)
             Began as a Draconian Wanderer on Nov 10, 2020.
             Slain by a river rat (7 damage)
             ... on level 3 of the Dungeon.
             The game lasted 00:06:11 (3828 turns).

Kinoniko the Chopper (Draconian Wanderer)           Turns: 3828, Time: 00:06:11

Health: -5/45      AC:  6    Str: 13 (14) XL:     5   Next: 42%
Magic:  5/5        EV: 12    Int:  9 (11) God:
Gold:   185        SH:  0    Dex: 10 (13) Spells: 3/4 levels left

rFire    + . .     SeeInvis .   o - +0 morningstar
rCold    . . .     Faith    .   (no shield)
rNeg     . . .     Spirit   .   (armour unavailable)
rPois    .         Reflect  .   f - +1 hat
rElec    +         Harm     .   (no cloak)
rCorr    .         Rampage  .   (no gloves)
MR       .....                  (no boots)
Stlth    +.........             (no amulet)
HPRegen  0.15/turn              (no ring)
MPRegen  0.09/turn              (no ring)

@: brilliant
A: unfitting armour, talons 1, fire resistance 1, electricity resistance,
cold-blooded, AC +5
a: no special abilities


You were on level 3 of the Dungeon.
You visited 1 branch of the dungeon, and saw 3 of its levels.

You collected 185 gold pieces.

Inventory:

Hand Weapons
 a - a +0 hand axe
 o - a +0 morningstar (weapon)
Armour
 f - a +1 hat (worn)
Jewellery
 s - a cursed amulet of inaccuracy {unknown}
Scrolls
 b - 3 scrolls of teleportation {unknown}
 d - a scroll of magic mapping {unknown}
 i - 3 scrolls of enchant armour {unknown}
 n - 3 scrolls of identify {unknown}
 p - 3 scrolls of remove curse {unknown}
 q - a scroll of amnesia {unknown}
 r - a scroll of noise {unknown}
 t - a scroll of fog {unknown}
 u - a scroll of blinking {unknown}
Potions
 c - a potion of lignification
 g - 2 potions of flight
 j - a potion of mutation
 l - 2 potions of resistance
 m - 2 potions of degeneration
 v - a potion of magic {unknown}
 w - 3 potions of cancellation {unknown}


   Skills:
 + Level 3.0 Fighting
 - Level 4.7(5.1) Axes
 * Level 2.5(4.0) Maces & Flails
 - Level 1.0 Throwing
 + Level 2.1 Dodging
 - Level 3.0 Necromancy
   Level 1.0 Evocations


You had 3 spell levels left.
You knew the following spells:

 Your Spells              Type           Power        Failure   Level
a - Animate Skeleton      Necr           #.....       12%         1

Your spell library contained the following spells:

 Spells                   Type           Power        Failure   Level
 Pain                     Necr           #...         12%         1
 Vampiric Draining        Necr           #.........   34%         3
 Animate Dead             Necr           #.........   75%         4
 Agony                    Necr           #.......     97%         5


Dungeon Overview and Level Annotations

Branches:
Dungeon (3/15)

Altars:
Ashenzari
Dithmenos
Nemelex Xobeh
Wu Jian


Innate Abilities, Weirdness & Mutations

Your plain brown scales are hard. (AC +5)
You cannot fit into any form of body armour.
You are cold-blooded and may be slowed by cold attacks.
You have sharp toenails.
Your flesh is heat resistant. (rF+)
You are resistant to electric shocks. (rElec)


Message History

You completely miss the river rat. The river rat closely misses you.
The river rat bites you. The river rat closely misses you.
You closely miss the river rat. The river rat bites you.
The river rat bites you!
* * * LOW HITPOINT WARNING * * *
The river rat bites you.
* * * LOW HITPOINT WARNING * * *
You are too injured to fight recklessly!
The river rat barely misses you. x2
The river rat bites you.
* * * LOW HITPOINT WARNING * * *
It was a potion of brilliance.
You feel clever all of a sudden.
The river rat bites you but does no damage.
The river rat completely misses you.
It was a potion of degeneration.
There was something very wrong with that liquid.
You feel weakened.
You feel dopey.
You feel clumsy. The river rat closely misses you. The river rat bites you!
You die...

######## #......####
##########......@..#
........÷......rr.≈#
##########....≈.≈..#
#....≈≈≈≈≈#
#...≈≈#'###
#..≈≈≈#≈≈ #..≈≈≈+≈.≈
#..≈≈≈#≈≈≈#
###########


You could see 2 river rats.

Vanquished Creatures
  Robin (D:3)
  2 river rats (D:3)
  6 adders
  2 oozes
  A dart slug (D:2)
  A worm (D:3)
  A leopard gecko (D:2)
  5 orcs (D:3)
  4 giant cockroaches
  20 goblins
  11 hobgoblins
  11 kobolds
  2 quokkas (D:2)
  7 bats
  6 frilled lizards
  14 rats
94 creatures vanquished.

Vanquished Creatures (others)
  4 toadstools (D:1)
4 creatures vanquished.

Grand Total: 98 creatures vanquished

Notes
Turn   | Place    | Note
-------+----------+-------------------------------------------
     0 | D:1      | Kinoniko the Draconian Wanderer began the quest for the
                  | Orb.
     0 | D:1      | Kinoniko set off with the following items: a +0 hand axe, a
                  | potion of lignification; and the following spells available
                  | to memorise: Animate Skeleton, Pain, Vampiric Draining,
                  | Animate Dead, Agony
     0 | D:1      | Reached XP level 1. HP: 16/16 MP: 1/1
   355 | D:1      | Reached XP level 2. HP: 22/23 MP: 2/2
  1127 | D:1      | Learned a level 1 spell: Animate Skeleton
  1187 | D:2      | Reached skill level 1 in Dodging
  1187 | D:2      | Reached XP level 3. HP: 23/29 MP: 3/3
  1512 | D:2      | Found an ornate altar of the Wu Jian Council.
  1545 | D:2      | Found a broken altar of Ashenzari.
  1558 | D:2      | Found a shadowy altar of Dithmenos.
  1558 | D:2      | Found a sparkling altar of Nemelex Xobeh.
  1558 | D:2      | You fall into a shaft and drop 1 floor!
  1592 | D:3      | Noticed Robin
  1622 | D:3      | Killed Robin
  1622 | D:3      | Reached XP level 4. HP: 17/37 MP: 4/4
  1638 | D:3      | Reached skill level 1 in Maces & Flails
  2507 | D:2      | Reached XP level 5. HP: 23/44 MP: 5/5
  3590 | D:3      | Gained mutation: You are resistant to electric shocks.
                  | (rElec) [potion of mutation]
  3590 | D:3      | Gained mutation: You have sharp toenails. [potion of
                  | mutation]
  3590 | D:3      | Gained mutation: Your flesh is heat resistant. (rF+)
                  | [potion of mutation]
  3825 | D:3      | HP: 2/45 [river rat (6)]
  3828 | D:3      | Slain by a river rat

Illustrated notes

Levels and vault maps discovered:
D:1:      ldierk_walled_garden_2, layout_loops_corners, minmay_tetromino_l2
D:2:      layout_loops_ring, chequers_temple_overflow_statue_of_worship,
          grunt_ministairs_4, minmay_circle_x
D:3:      layout_loops_cross, portal_sewer_entry_e, minmay_misc_feat_cross,
          uniq_robin

Skill      XL: |  1  2  3  4  5 |
---------------+----------------+-----
Dodging        | 1 2 |  2.1
Fighting       | 2 3 |  3.0
Maces & Flails | 1 2 |  2.5
Axes           | |  4.7
Throwing       | |  1.0
Necromancy     | |  3.0
Evocations     | |  1.0

Action                   |  1- 3 |  4- 6 || total
-------------------------+-------+-------++-------
Melee: Hand axe          |    96 |       ||    96
       Tailslap          |    10 |    14 ||    24
       Morningstar       |    31 |   179 ||   210
 Cast: Animate Skeleton  |     7 |     2 ||     9
  Use: Potion            |       |     9 ||     9
 Stab: Sleeping          |     1 |     1 ||     2
Armor: Skin              |    42 |    98 ||   140
Dodge: Dodged            |    81 |   129 ||   210

Table legend: (Time is in decaauts)
 A = Elapsed time spent in this place.
 B = Non-inter-level travel time spent in this place.
 C = Inter-level travel time spent in this place.
 D = Time resting spent in this place.
 E = Time spent auto-exploring this place.
 F = Levels seen in this place.
 G = Mean time per level.
                   A        B        C        D        E       F      G
               +--------+--------+--------+--------+--------+-----+--------+
         Total |   3910 |   3858 |     52 |    952 |   2088 |   3 | 1303.3 |
       Dungeon |   3910 |   3858 |     52 |    952 |   2088 |   3 | 1303.3 |
               +--------+--------+--------+--------+--------+-----+--------+

Top non-repeatable levels by time:
     D:3: 1400 daAuts
     D:2: 1344 daAuts
     D:1: 1164 daAuts
